 Dungeon Crawl Stone Soup version 0.30-a0-883-g5ad918d77d (webtiles) character file.

Game seed: 1375292267449696538

82426 lunkers the Earth Mage (level 16, 0/136 HPs)
             Began as a Meteoran Earth Elementalist on Mar 11, 2023.
             Was a High Priest of Sif Muna.
             Slain by a five-headed hydra (3 damage)
             ... on level 4 of the Swamp on Mar 15, 2023.
             The game lasted 01:08:54 (7336 turns).

lunkers the Earth Mage (MeEE)                       Turns: 7336, Time: 01:08:54

Health: 0/136      AC: 15    Str: 11    XL:     16   Next: 71%
Magic:  21/31      EV: 17    Int: 26    God:    Sif Muna [*****.]
Gold:   774        SH: 13    Dex: 16    Spells: 5/35 levels left

rFire   + . .      SeeInvis .    a - staff of earth
rCold   + . .      Faith    .    x - +0 kite shield
rNeg    . . .      Spirit   .    m - +0 troll leather armour {Pargi}
rPois   .          Reflect  .    F - +2 helmet {Int+3}
rElec   .          Rampage  .    y - scarf {rC+ rF+}
rCorr   .                        q - +2 pair of gloves
Will    +++..                    e - +0 pair of boots
Stlth   +                        D - amulet of regeneration
HPRegen 2.02/turn                u - +4 ring of protection
MPRegen 0.22/turn                z - ring of willpower

@: about to teleport, glowing
A: sense surroundings 2, otherworldly, glowing, explore regen
a: Renounce Religion, Channel Magic, Forget Spell, Divine Exegesis


You were on level 4 of the Swamp.
You worshipped Sif Muna.
Sif Muna was extremely pleased with you.
You visited 4 branches of the dungeon, and saw 18 of its levels.
You also visited: Sewer, Ice Cave and Volcano.

You collected 989 gold pieces.
You spent 215 gold pieces at shops.

Inventory:

Hand Weapons
 b - a +3 dagger of venom
 A - a +2 dagger of electrocution
 B - a +2 heavy morningstar
 M - the +7 scimitar of Bright Defence {heavy, rElec Int-2 Dex+2}
   (You took it off a spriggan on level 5 of the Lair of Beasts)

   Int:       It affects your intelligence (-2).
   Dex:       It affects your dexterity (+2).
   rElec:     It insulates you from electricity.
Armour
 e - a +0 pair of boots (worn)
 m - a +0 troll leather armour (worn) {Pargi}
 q - a +2 pair of gloves (worn)
 v - a +2 ring mail of poison resistance
 x - a +0 kite shield (worn)
 y - a scarf of resistance (worn)
 F - a +2 helmet of intelligence (worn)
 P - a +0 pair of boots of rampaging
Magical Staves
 a - a staff of earth (weapon)
 K - a staff of death
Jewellery
 j - a ring of poison resistance
 u - a +4 ring of protection (left hand)
 z - a ring of willpower (right hand)
 C - a ring of positive energy
 D - an amulet of regeneration (around neck)
 L - a ring of wizardry
 N - a ring of fire
 W - a +5 ring of evasion
 Z - a ring of ice
Wands
 w - a wand of quicksilver (5)
 V - a wand of charming (3)
 X - a wand of iceblast (16)
 Y - a wand of flame (35)
Scrolls
 g - 6 scrolls of teleportation
 E - a scroll of poison
 J - a scroll of amnesia
 R - a scroll of blinking
 S - a scroll of butterflies
 T - 2 scrolls of identify
 U - a scroll of magic mapping
Potions
 c - 4 potions of lignification
 f - 4 potions of curing
 h - 3 potions of brilliance
 i - a potion of magic
 k - 5 potions of heal wounds
 l - 2 potions of berserk rage
 n - 2 potions of cancellation
 p - a potion of mutation
 r - 3 potions of might
 s - 5 potions of ambrosia
 t - 2 potions of attraction
 H - 3 potions of haste
Miscellaneous
 d - a lightning rod (4/4)
 O - a condenser vane
 Q - a box of beasts


   Skills:
 + Level 10.7 Fighting
 + Level 12.0 Dodging
 - Level 1.4 Stealth
 - Level 14.0 Shields
 + Level 10.1 Spellcasting
 + Level 6.9 Conjurations
 - Level 11.6 Necromancy
 - Level 1.2 Transmutations
 + Level 17.1 Earth Magic
 - Level 8.0 Invocations


You had 5 spell levels left.
You knew the following spells:

 Your Spells              Type           Power      Damage    Failure   Level
a - Sandblast             Erth           100%       2d20      0%          1
b - Passwall              Tmut/Erth      62%        N/A       1%          2
c - Stone Arrow           Conj/Erth      100%       3d13      1%          3
d - Petrify               Tmut/Erth      75%        N/A       2%          4
e - Borgnjor's Vile Clut  Necr/Erth      46%        N/A       1%          5
f - Dispel Undead         Necr           65%        3d22      1%          4
g - Iron Shot             Conj/Erth      42%        9d8       12%         6
h - Lee's Rapid Deconstr  Erth           50%        3d24*     1%          5

Your spell library contained the following spells:

 Spells                   Type           Power      Damage    Failure   Level
 Kiss of Death            Conj/Necr      100%       2d13      1%          1
 Magic Dart               Conj           100%       1d8       1%          1
 Animate Dead             Necr           65%        N/A       1%          4
 Animate Armour           Summ/Erth      100%       N/A       3%          4
 Leda's Liquefaction      Hex/Erth       36%        N/A       3%          4
 Apportation              Tloc           26%        N/A       11%         1
 Mephitic Cloud           Conj/Pois/Air  25%        N/A       13%         3
 Call Imp                 Summ           13%        N/A       17%         2
 Iskenderun's Battlesphe  Conj           49%        2d10      17%         5
 Ignite Poison            Fire/Tmut/Pois 15%        N/A       28%         3
 Confusing Touch          Hex            13%        N/A       32%         3
 Frozen Ramparts          Ice            26%        1d4       32%         3
 Kindle Blastsparks       Fire/Tloc/Air  26%        2d12      32%         3
 Vhi's Electric Charge    Tloc/Air       26%        N/A       32%         3
 Arcjolt                  Conj/Air       15%        1d25      58%         5
 Lightning Bolt           Conj/Air       15%        1d29      58%         5
 Ice Form                 Ice/Tmut       16%        N/A       65%         4
 Airstrike                Air            6%         2d(1-17)  73%         4
 Summon Ice Beast         Ice/Summ       13%        N/A       73%         4
 Summon Lightning Spire   Summ/Air       13%        N/A       73%         4
 Freezing Cloud           Conj/Ice/Air   12%        6-21      75%         5
 Blade Hands              Tmut           9%         N/A       88%         5
 Alistair's Intoxication  Tmut/Pois      10%        N/A       94%         5
 Death Channel            Necr           32%        N/A       14%         6
 Orb of Destruction       Conj           24%        9d9       99%         7
 Summon Cactus Giant      Summ           6%         N/A       100%        6
 Spellforged Servitor     Conj/Summ      15%        N/A       100%        7
 Maxwell's Capacitive Co  Air            6%         ∞         100%        8
 Shatter                  Erth           50%        3d38*     100%        9


Dungeon Overview and Level Annotations

Branches:
Dungeon (8/15) Zot: 1505   Temple (1/1) D:4 Zot: 370    Lair (5/5) D:8 Zot: 712
  Swamp (4/4) Lair:2 Zot: 1153   Sewer (visited)           IceCv (visited)
Volcano (visited)
  Snake: Lair:2-3    Spider: Lair:2-3     Slime: Lair:4-5

Altars:
Ashenzari
Dithmenos
Elyvilon
Fedhas
Hepliaklqana
Kikubaaqudgha
Qazlal
Ru
Sif Muna
Vehumet
Wu Jian
Xom
Yredelemnul
Zin
Lugonu

Shops:
D:4 *

Portals:
Abyss: Lair:5

Annotations:
Swamp:1 3 runed translucent doors, Mlioglotl; OhDinosaurWizard's ghost, journeyman MiMo; Roxanne


Innate Abilities, Weirdness & Mutations

You passively map the area around you.
You are easily found by Zot.
You glow in the dark.
You regain HP and MP as you explore.


Message History

The swamp dragon breathes poison at you.
The blast of poison engulfs you.
You are more poisoned.
* * * LOW HITPOINT WARNING * * *
The swamp dragon struggles to escape constriction.
Training target 14.0 for Shields reached!
Your Shields skill increases to level 14!
Casting: Sandblast (safe; 0% risk of failure)
Confirm with . or Enter, or press ? or * to list all spells.
Aiming: Stone Arrow (safe; 1% risk of failure)
Press: ? - help, Shift-Dir - straight line, f - swamp dragon
Aim: a swamp dragon (almost dead, catching its breath, constricted by zombie hands, 100% to hit)
You feel a surge of power!
The stone arrow hits the swamp dragon!
You kill the swamp dragon!
Sif Muna accepts your kill.
* * * LOW MAGIC WARNING * * *
You are engulfed in poison gas.
You are more poisoned.
* * * LOW HITPOINT WARNING * * *
You feel extremely sick.
A swamp dragon comes into view.
A five-headed hydra comes into view.
As you read the scroll of teleportation, it crumbles to dust.
You feel strangely unstable.
You are engulfed in poison gas.
You are lethally poisoned!
* * * LOW HITPOINT WARNING * * *
You feel extremely sick.
You feel less invigorated.
* * * LOW HITPOINT WARNING * * *
You feel extremely sick.
An eight-headed hydra comes into view.
You feel better.
A thorn hunter comes into view.
The five-headed hydra bites you!
* * * LOW HITPOINT WARNING * * *
The five-headed hydra bites you!
* * * LOW HITPOINT WARNING * * *
You block the five-headed hydra's attack.
The five-headed hydra bites you.
You die...

♣....~....~~...~♣~♣~♣♣♣♣♣..♣♣~~~~
♣.~.♣~^~.~~~..~♣♣♣♣♣♣ ♣♣~♣♣..♣♣
♣..♣♣♣....~~.♣♣♣ * *♣♣~~♣♣♣ ♣♣♣
♣.~§~~♣♣♣♣ ##### * ♣.~~♣
**♣.~~~♣~♣♣ ##.≈≈##♣≈~ *#♣♣.♣♣♣
*♣~ ♣♣♣♣♣♣~.♣ #..[†.≈.).,,* ♣....
♣~♣♣ ♣♣♣.♣♣ #~†♣ , * ♣††~~ ♣~.♣♣
♣~.♣♣ ♣~##### , ♣~†~~ ♣..<♣ ♣♣<.♣
#♣°@..~## ** ♣~~§~ ..♣♣♣ ♣♣.♣♣
#..D.~~~## ♣♣~~~~ ~.~.♣♣♣♣~~♣
#~.~≈###≈~## ♣~~†~~
<~~~~♣♣..~♣♣#.D### ##~†## ♣.†~~~
.~~~†~.....♣#^f* ~ ##..###♣~†~~~
.~~†~~~~.~♣♣#D. , #♣..~.~..§~~
~~..~~~~.♣♣ #.♣ ~ #.♣.~~≈.~~~~
~~~~.~~.♣♣ #. , #≈~..~.....~
~~~~~~~~♣ #. * ~ #.≈###♣..~..


You could see a thorn hunter (wandering), an eight-headed hydra, a five-headed
hydra and a swamp dragon.

Vanquished Creatures
  A frost giant (IceCv)
  A stone giant (Volcano)
  4 eleionomae
  A bunyip (Swamp:1)
  A dire elephant (Lair:4)
  4 ghost crabs
  14 hydras
  5 death yaks
  3 alligators
  A boulder beetle (Lair:2)
  2 thrashing horrors (Lair:5)
  A spriggan berserker (Swamp:4)
  8 goliath frogs
  11 bog bodies
  4 swamp dragons
  A will-o-the-wisp (Swamp:2)
  A manticore (D:8)
  A cyclops (D:8)
  2 ugly things (Lair:5)
  6 black mambas
  2 molten gargoyles (Volcano)
  2 smoke demons (Lair:5)
  20 elephants
  An ice statue (IceCv)
  2 gargoyles (Volcano)
  2 torpor snails
  10 cane toads
  5 komodo dragons
  An ancient zyme (Lair:5)
  11 rime drakes
  An efreet (Volcano)
  8 hornets
  5 polar bears
  A hornet (shapeshifter) (Lair:5)
  4 tyrant leeches
  24 blink frogs
  A slime creature (D:8)
  9 spriggans
  33 yaks
  4 large abominations (Lair:5)
  A ynoxinul (Lair:5)
  Eustachio (D:4)
  7 fire bats (Volcano)
  5 basilisks
  2 chaos spawn (Lair:5)
  10 small abominations (Lair:5)
  8 vampire mosquitoes
  9 swamp worms
  2 hell hounds (Lair:3)
  An orc warrior (D:7)
  12 water moccasins
  Pargi (Sewer)
  2 black bears
  5 swamp drakes
  2 ice beasts
  3 ogres
  A centaur (D:6)
  8 wolves (IceCv)
  2 phantoms
  3 bullfrogs
  2 earth elementals (Volcano)
  3 wights (D:8)
  A troll skeleton (Swamp:2)
  15 killer bees
  An electric eel (Lair:2)
  6 lava snakes (Volcano)
  6 hounds
  3 jellies
  6 orc priests
  3 iguanas
  3 sleepcaps
  6 orc wizards
  5 adders
  A shadow imp (D:7)
  3 ufetubi
  5 worms
  5 dart slugs
  27 orcs
  3 endoplasms
  3 giant cockroaches
  4 goblins
  2 hobgoblins (D:1)
  3 jackals (D:1)
  7 quokkas
  4 ball pythons
  6 bats
  4 frilled lizards
  2 kobolds
  5 rats
447 creatures vanquished.

Vanquished Creatures (others)
  A bloated husk (Swamp:2)
  89 fungi
  63 plants
153 creatures vanquished.

Grand Total: 600 creatures vanquished

Notes
Turn   | Place    | Note
-------+----------+-------------------------------------------
     0 | D:1      | lunkers the Meteoran Earth Elementalist began the quest for
                  | the Orb.
     0 | D:1      | Reached XP level 1. HP: 14/14 MP: 5/5
    39 | D:1      | Reached skill level 4 in Earth Magic
    39 | D:1      | Reached XP level 2. HP: 4/20 MP: 0/6
   145 | D:1      | Upgraded the game from 0.30-a0-870-gc5d4c5acee to
                  | 0.30-a0-879-ga8ba668304
   191 | D:1      | Reached XP level 3. HP: 26/26 MP: 6/8
   340 | D:2      | Found a shimmering altar of Xom.
   490 | D:3      | Reached XP level 4. HP: 32/33 MP: 7/10
   507 | D:3      | Reached skill level 5 in Earth Magic
   831 | D:4      | Found a staircase to the Ecumenical Temple.
   835 | D:4      | Reached XP level 5. HP: 38/38 MP: 9/12
   843 | Temple   | Entered the Ecumenical Temple
  1052 | Temple   | Became a worshipper of Sif Muna the Loreminder
  1068 | Temple   | Learned a level 2 spell: Passwall
  1072 | Temple   | Learned a level 3 spell: Stone Arrow
  1089 | D:4      | Noticed a black bear
  1094 | D:4      | Killed a black bear
  1095 | D:4      | Reached skill level 6 in Earth Magic
  1095 | D:4      | Reached XP level 6. HP: 45/45 MP: 8/13
  1102 | D:4      | Reached skill level 7 in Earth Magic
  1120 | D:4      | Found a broken altar of Ashenzari.
  1127 | D:4      | Reached skill level 5 in Spellcasting
  1128 | D:4      | Reached XP level 7. HP: 23/50 MP: 11/15
  1155 | D:4      | Noticed Eustachio
  1168 | D:4      | Killed Eustachio
  1169 | D:4      | Reached skill level 8 in Earth Magic
  1265 | D:4      | Found a glowing drain.
  1269 | Sewer    | Entered a sewer
  1296 | Sewer    | Reached * piety under Sif Muna
  1317 | Sewer    | Noticed Pargi
  1322 | Sewer    | Killed Pargi
  1323 | Sewer    | Reached XP level 8. HP: 57/57 MP: 7/18
  1440 | D:4      | Reached skill level 1 in Conjurations
  1462 | D:4      | Found Vabox's General Store.
  1483 | D:4      | Found a radiant altar of Vehumet.
  1499 | D:4      | Reached skill level 9 in Earth Magic
  1702 | D:5      | Entered Level 5 of the Dungeon
  1743 | D:5      | Found a sacrificial altar of Ru.
  1795 | D:5      | Got the Compilation of Topography and Adjuration
  1853 | D:6      | Reached ** piety under Sif Muna
  1854 | D:6      | Gained mutation: You passively map the area around you.
                  | [Meteoran growth]
  1854 | D:6      | Reached XP level 9. HP: 62/62 MP: 15/20
  1861 | D:6      | Reached skill level 10 in Earth Magic
  2019 | D:6      | Found a stormy altar of Qazlal.
  2190 | D:6      | Reached skill level 5 in Invocations
  2520 | D:7      | Reached skill level 1 in Fighting
  2536 | D:7      | Reached XP level 10. HP: 66/74 MP: 7/22
  2587 | D:7      | Reached skill level 5 in Dodging
  2895 | D:8      | Reached *** piety under Sif Muna
  3070 | D:8      | Reached skill level 5 in Fighting
  3074 | D:8      | Noticed a manticore
  3078 | D:8      | Killed a manticore
  3110 | D:8      | Noticed a cyclops
  3113 | D:8      | Killed a cyclops
  3119 | D:8      | Learned a level 4 spell: Petrify
  3125 | D:8      | Learned a level 5 spell: Borgnjor's Vile Clutch
  3201 | D:8      | Found a staircase to the Lair.
  3215 | D:8      | Reached skill level 1 in Necromancy
  3255 | Lair:1   | Entered Level 1 of the Lair of Beasts
  3294 | Lair:1   | Reached XP level 11. HP: 91/91 MP: 16/23
  3296 | Lair:1   | Reached skill level 11 in Earth Magic
  3438 | D:4      | Bought a +2 helmet of intelligence for 215 gold pieces
  3669 | Lair:1   | You fall into a shaft and drop 1 floor!
  3701 | Lair:2   | Reached skill level 5 in Necromancy
  3704 | Lair:2   | Reached skill level 12 in Earth Magic
  3744 | Lair:3   | Found a dark tunnel.
  3760 | Volcano  | Entered a volcano
  3818 | Volcano  | Reached **** piety under Sif Muna
  3912 | Volcano  | Found a bloodstained altar of Trog.
  3937 | Volcano  | Noticed a stone giant
  3944 | Volcano  | Killed a stone giant
  3945 | Volcano  | Reached skill level 13 in Earth Magic
  3945 | Volcano  | Reached XP level 12. HP: 76/97 MP: 4/24
  4176 | Lair:4   | Noticed an eight-headed hydra
  4185 | Lair:4   | Killed an eight-headed hydra
  4186 | Lair:4   | Reached skill level 14 in Earth Magic
  4204 | Lair:5   | Entered Level 5 of the Lair of Beasts
  4204 | Lair:5   | Noticed a dire elephant
  4225 | Lair:4   | Killed a dire elephant
  4327 | Lair:4   | Reached skill level 10 in Necromancy
  4331 | Lair:4   | Reached skill level 15 in Earth Magic
  4331 | Lair:4   | Reached XP level 13. HP: 83/103 MP: 5/25
  4341 | Lair:4   | Learned a level 4 spell: Dispel Undead
  4397 | Lair:5   | Noticed a death yak
  4408 | Lair:5   | Killed a death yak
  4409 | Lair:5   | Reached skill level 1 in Shields
  4454 | Lair:5   | Found a frozen archway.
  4475 | IceCv    | Entered an ice cave
  4553 | IceCv    | Noticed a death yak
  4563 | IceCv    | Killed a death yak
  4564 | IceCv    | Reached skill level 5 in Shields
  4578 | IceCv    | Upgraded the game from 0.30-a0-879-ga8ba668304 to
                  | 0.30-a0-881-g1ff12e1e11
  4607 | IceCv    | Reached skill level 16 in Earth Magic
  4610 | IceCv    | Noticed a death yak
  4622 | IceCv    | Killed a death yak
  4643 | IceCv    | Noticed a death yak
  4643 | IceCv    | Noticed a frost giant
  4666 | IceCv    | Killed a death yak
  4673 | IceCv    | Killed a frost giant
  4674 | IceCv    | Reached XP level 14. HP: 111/111 MP: 5/27
  5230 | Lair:5   | Reached ***** piety under Sif Muna
  5236 | Lair:5   | Upgraded the game from 0.30-a0-881-g1ff12e1e11 to
                  | 0.30-a0-883-g5ad918d77d
  5335 | Lair:5   | Identified the +7 scimitar of Bright Defence {heavy, rElec
                  | Int-2 Dex+2}
  5445 | Lair:5   | Reached skill level 10 in Shields
  5501 | Lair:5   | Found a corrupted altar of Lugonu.
  5501 | Lair:5   | Found a one-way gate to the infinite horrors of the Abyss.
  5597 | Lair:5   | Reached skill level 10 in Dodging
  5758 | Lair:3   | Received a gift from Sif Muna
  5813 | Lair:3   | Reached XP level 15. HP: 124/124 MP: 14/28
  5820 | Lair:3   | Learned a level 6 spell: Iron Shot
  6254 | Lair:2   | Found a staircase to the Swamp.
  6265 | Swamp:1  | Entered Level 1 of the Swamp
  6276 | Swamp:1  | Found a runed translucent gate.
  6277 | Swamp:1  | Found a runed translucent gate.
  6278 | Swamp:1  | Found a runed translucent gate.
  6280 | Swamp:1  | Noticed OhDinosaurWizard's ghost (journeyman MiMo)
  6393 | Swamp:1  | Noticed Mlioglotl
  6393 | Swamp:1  | Noticed a tentacled starspawn
  6505 | Swamp:1  | Identified Roxanne's Discursus on Changing
  6505 | Swamp:1  | Noticed Roxanne
  6572 | Swamp:2  | Reached skill level 5 in Conjurations
  6659 | Swamp:2  | Received a gift from Sif Muna
  6666 | Swamp:2  | Got Sif Muna's Textbook on Prime Quicksand {god gift}
  6673 | Swamp:2  | Learned a level 5 spell: Lee's Rapid Deconstruction
  6689 | Swamp:2  | Reached skill level 10 in Fighting
  6879 | Swamp:2  | Reached XP level 16. HP: 134/134 MP: 16/30
  6992 | Swamp:4  | Entered Level 4 of the Swamp
  7243 | Swamp:4  | Reached skill level 17 in Earth Magic
  7303 | Swamp:4  | Reached skill level 10 in Spellcasting
  7336 | Swamp:4  | Noticed a thorn hunter
  7336 | Swamp:4  | HP: 3/136 [five-headed hydra (8)]
  7336 | Swamp:4  | Slain by a five-headed hydra

Illustrated notes

Levels and vault maps discovered:
D:1:      reono_arrival_forest_river, layout_rooms
D:2:      layout_basic, basic_altar, grunt_decor_resistance
D:3:      layout_basic, hellmonk_ecumenical_altar_inner_sanctum
D:4:      layout_cave_pools, mainiacjoe_overflow_concentric_impassable,
          evilmike_ruin_ashenzari, gup_sewer_entry_spiral, serial_shops,
          nicolae_shop_behind_doors, uniq_eustachio
D:5:      layout_basic, tso_metal_star, lemuel_round_altar, grunt_decor_fettered
D:6:      layout_rooms, nicolae_qazlal_general_emergency,
          kennysheep_pointless_box
D:7:      layout_loops_ring
D:8:      layout_gridville, lair_entry_dummy, minivault_23,
          minmay_diamond_spiral, uniq_erica
Temple:   dpeg_chambers_temple
Lair:1:   layout_loops_ring, lemuel_fruit_tree
Lair:2:   layout_regular_city, nicolae_swamp_entry_splash_gauntlet,
          nicolae_spider_entry_tight_spaces, grunt_megastairs_1
Lair:3:   mu_elephants_graveyard, layout_regular_city, enter_volcano_3,
          st_stairs_10, minmay_holes
Lair:4:   layout_cave_pods, minmay_slime_entry_oklob_open, grunt_megastairs_5
Lair:5:   hellmonk_lair_end_abyssal_woods, layout_regular_city,
          portal_ice_cave_rime, serial_bayou_shore_b
Swamp:1:  layout_basic_swamp, ebering_ghost_rock_garden,
          nicolae_swamp_rocky_clearing, uniq_roxanne, uniq_mlioglotl
Swamp:2:  layout_basic_swamp, evilmike_swamp_ruin_house_5, swamp_pool1,
          cheibrodos_swamp_minitomb
Swamp:3:  layout_falls_marsh, hangedman_swamp_blocks, swamp_pool4
Swamp:4:  swamp_basic_johnstein, layout_basic_swamp

Skill      XL: |  1  2  3  4  5  6  7  8  9 10 11 12 13 14 15 16 |
---------------+-------------------------------------------------+-----
Earth Magic    | 4 5 6 7 8 9 10 13 15 16 17 | 17.1
Spellcasting   | 3 4 5 6 7 8 9 10 | 10.1
Conjurations   | 3 5 6 |  6.9
Invocations    | 7 8 |  8.0
Fighting       | 2 6 9 10 | 10.7
Dodging        | 4 7 8 10 11 12 | 12.0
Necromancy     | 2 7 10 11 | 11.6
Shields        | 6 11 12 14 | 14.0
Stealth        | |  1.4
Transmutations | |  1.2

Action                     |  1- 3 |  4- 6 |  7- 9 | 10-12 | 13-15 | 16-18 || total
---------------------------+-------+-------+-------+-------+-------+-------++-------
  Melee: Unarmed           |     2 |       |       |       |       |       ||     2
         Dagger            |     2 |       |       |       |       |       ||     2
         Staff             |       |       |    14 |     6 |    31 |     1 ||    52
   Cast: Sandblast         |    40 |    26 |   129 |    73 |   221 |    36 ||   525
         Stone Arrow       |       |       |     7 |    71 |    94 |    27 ||   199
         Borgnjor's Vile C |       |       |       |    28 |   115 |    38 ||   181
         Passwall          |       |       |       |     1 |       |       ||     1
         Iron Shot         |       |       |       |       |       |     3 ||     3
 Invoke: Channel Magic     |       |       |       |     5 |     8 |     4 ||    17
    Use: Scroll            |       |     6 |     9 |     5 |     5 |     2 ||    27
         Potion            |       |       |       |     1 |       |     1 ||     2
 Armour: Robe              |     3 |     2 |    28 |       |       |       ||    33
         Troll leather arm |       |       |    34 |   101 |   117 |    29 ||   281
  Dodge: Dodged            |    15 |     2 |    59 |   121 |   154 |    45 ||   396
  Block: Kite shield       |       |       |       |       |   191 |    51 ||   242

Table legend: (Time is in decaauts)
 A = Elapsed time spent in this place.
 B = Non-inter-level travel time spent in this place.
 C = Inter-level travel time spent in this place.
 D = Time resting spent in this place.
 E = Time spent auto-exploring this place.
 F = Levels seen in this place.
 G = Mean time per level.
                   A        B        C        D        E       F      G
               +--------+--------+--------+--------+--------+-----+--------+
         Total |   7807 |   7388 |    419 |      8 |   2177 |  21 |  371.8 |
       Dungeon |   3294 |   3012 |    282 |      0 |   1903 |   8 |  411.8 |
        Temple |    229 |    185 |     44 |      0 |     34 |   1 |  229.0 |
          Lair |   2287 |   2194 |     93 |      0 |    193 |   5 |  457.4 |
         Swamp |   1245 |   1245 |      0 |      0 |      0 |   4 |  311.2 |
         Sewer |    111 |    111 |      0 |      0 |     28 |   1 |  111.0 |
      Ice Cave |    381 |    381 |      0 |      0 |      0 |   1 |  381.0 |
       Volcano |    256 |    256 |      0 |      8 |     19 |   1 |  256.0 |
               +--------+--------+--------+--------+--------+-----+--------+

Top non-repeatable levels by time:
  Lair:5: 942 daAuts
     D:4: 644 daAuts
     D:7: 590 daAuts
     D:8: 511 daAuts
     D:6: 494 daAuts
  Lair:3: 460 daAuts
 Swamp:2: 431 daAuts
 Swamp:4: 417 daAuts
   IceCv: 381 daAuts
  Lair:4: 373 daAuts
     D:3: 354 daAuts
 Swamp:1: 314 daAuts
  Lair:2: 298 daAuts
     D:1: 288 daAuts
 Volcano: 256 daAuts
